 Dungeon Crawl Stone Soup version 0.28.0-43-g3370ac3207 (webtiles) character file.

Game seed: 13194661167640395642

289 silky the Skirmisher (level 6, 0/56 HPs)
             Began as a Minotaur Chaos Knight on Mar 30, 2022.
             Was a Plaything of Xom.
             Succumbed to a scorpion's poison
             ... on level 4 of the Dungeon.
             The game lasted 00:08:46 (2993 turns).

silky the Skirmisher (Minotaur Chaos Knight)        Turns: 2993, Time: 00:08:47

Health: 0/56       AC:  9    Str: 15 (18) XL:     6   Next: 9%
Magic:  5/5        EV:  5    Int:  6 (9)  God:    Xom [......]
Gold:   123        SH:  6    Dex:  7 (10) Spells: 5/5 levels left

rFire   . . .      SeeInvis .   a - +1 mace (vorpal)
rCold   . . .      Faith    .   b - +0 kite shield
rNeg    . . .      Spirit   .   j - +0 chain mail
rPois   .          Reflect  .   (helmet restricted)
rElec   .          Harm     .   (no cloak)
rCorr   .          Rampage  .   (no gloves)
Will    .....                   (no boots)
Stlth   ..........              m - amulet of magic regeneration
HPRegen 0.18/turn               (no ring)
MPRegen 0.49/turn               (no ring)

@: lethally poisoned (0 -> -3), hasted, very quick
A: horns 2, retaliatory headbutt
a: Renounce Religion


You were on level 4 of the Dungeon.
You worshipped Xom.
You were a very special plaything of Xom.
You visited 1 branch of the dungeon, and saw 4 of its levels.

You collected 123 gold pieces.

Inventory:

Hand Weapons
 a - a +1 vorpal mace (weapon)
Armour
 b - a +0 kite shield (worn)
 j - a +0 chain mail (worn)
Jewellery
 m - an amulet of magic regeneration (around neck)
Scrolls
 e - a scroll of vulnerability
 g - 3 scrolls of teleportation
Potions
 d - a potion of resistance
 l - a potion of haste


   Skills:
 + Level 5.4 Fighting
 + Level 5.0 Maces & Flails
 + Level 4.1 Armour
 + Level 2.8 Dodging
 + Level 0.2 Stealth
 + Level 1.8 Shields


You had 5 spell levels left.
You didn't know any spells.
Your spell library was empty.

Dungeon Overview and Level Annotations

Branches:
Dungeon (4/15)
 Temple: D:4-7

Altars:
Wu Jian


Innate Abilities, Weirdness & Mutations

You have a pair of horns on your head.
You reflexively headbutt those who attack you in melee.


Message History

You hit the scorpion but do no damage. Your headbutt misses the scorpion.
The scorpion is almost dead.
You feel sick. The scorpion stings you.
* * * LOW HITPOINT WARNING * * *
You are lethally poisoned!
The scorpion poisons you!
You hit the scorpion.
You kill the scorpion!
* * * LOW HITPOINT WARNING * * *
You feel very sick.
Your Armour skill increases to level 4!
You have reached level 6!
It was a potion of haste.
You feel yourself speed up.
* * * LOW HITPOINT WARNING * * *
You feel very sick.
It was a potion of degeneration.
There was something very wrong with that liquid.
You feel weakened.
You feel dopey.
You feel clumsy.
* * * LOW HITPOINT WARNING * * *
You feel sick.
* * * LOW HITPOINT WARNING * * *
You feel sick.
As you read the scroll labelled OPICHU YFFUPOR, it crumbles to dust.
It is a scroll of enchant weapon.
Your +0 vorpal mace glows red for a moment.
* * * LOW HITPOINT WARNING * * *
You feel sick.
As you read the scroll labelled FIANNU KEXTU, it crumbles to dust.
The air around you briefly surges with heat, but it dissipates.
It was a scroll of immolation.
* * * LOW HITPOINT WARNING * * *
You feel sick.
As you read the scroll labelled SUEZEE TUCHAZA, it crumbles to dust.
You hear a loud clanging noise!
It was a scroll of noise.
* * * LOW HITPOINT WARNING * * *
You feel sick.
You hear an angry hiss.
You die...
Xom snickers!

#. #.# #### #. #.# #.. ..
#####.####.# ### . . #..
..> <..# #.. . ...
#.###.# #..# #.###
....####.#.#.###..# #.##.
......°...........###.#..
......§§@........).†.....
.....###§...###..####....
.... #.#..# #..# #..#. ..
#.........# #..##
#.##.###.## #... ......#
#.# ##.## ###..... ..#
#.# ####.#### #.. #.# ##


There were no monsters in sight!

Vanquished Creatures
  A sky beast (D:3)
  A scorpion (D:4)
  Robin (D:2)
  A gnoll (D:1)
  4 adders
  2 dart slugs
  4 endoplasms
  3 giant cockroaches
  14 goblins
  11 hobgoblins
  3 jackals (D:1)
  4 kobolds
  A quokka (D:1)
  9 ball pythons
  6 bats
  5 frilled lizards
  6 rats
76 creatures vanquished.

Vanquished Creatures (others)
  11 plants (D:1)
11 creatures vanquished.

Grand Total: 87 creatures vanquished

Notes
Turn   | Place    | Note
-------+----------+-------------------------------------------
     0 | D:1      | silky the Minotaur Chaos Knight began the quest for the
                  | Orb.
     0 | D:1      | Reached XP level 1. HP: 19/19 MP: 0/0
    28 | D:1      | XOM: butterfly on damage
    30 | D:1      | Reached XP level 2. HP: 5/27 MP: 1/1
   254 | D:1      | XOM: cloud trail
   427 | D:1      | XOM: silly message
   447 | D:1      | XOM: silly message
   740 | D:1      | Reached XP level 3. HP: 26/33 MP: 2/2
   832 | D:1      | Found a faded altar of an unknown god.
  1062 | D:1      | XOM: divination: detect items
  1073 | D:2      | Noticed Robin
  1080 | D:2      | Killed Robin
  1166 | D:2      | XOM: 4-stop teleportation journey
  1172 | D:2      | Reached XP level 4. HP: 18/41 MP: 3/3
  1385 | D:2      | XOM: divination: magic mapping
  1653 | D:2      | Reached skill level 5 in Fighting
  2000 | D:3      | Noticed a sky beast
  2013 | D:3      | XOM: swap monsters
  2055 | D:3      | XOM: summons 3 hostile shadow creatures
  2245 | D:3      | XOM: summons 3 hostile demons
  2321 | D:3      | Killed a sky beast
  2322 | D:3      | Reached skill level 5 in Maces & Flails
  2322 | D:3      | Reached skill level 1 in Shields
  2322 | D:3      | Reached XP level 5. HP: 27/48 MP: 4/4
  2852 | D:4      | Found an ornate altar of the Wu Jian Council.
  2860 | D:4      | Noticed a spectral centipede
  2860 | D:4      | Noticed a spectral black mamba
  2860 | D:4      | Noticed a spectral cane toad
  2977 | D:4      | XOM: smoke on damage
  2986 | D:4      | Reached XP level 6. HP: 8/56 MP: 5/5
  2990 | D:4      | HP: 2/56 [poisoned by a scorpion]
  2993 | D:4      | Succumbed to a scorpion's poison

Illustrated notes

Levels and vault maps discovered:
D:1:      lemuel_arrival_hallway, layout_basic,
          shapermc_ecumenical_altar_pompeii, minivault_5, kennysheep_boxes
D:2:      layout_rooms, minivault_14, minmay_splitting_lines,
          amcnicky_mini_rare_corridor_liquid, uniq_robin
D:3:      layout_loops_cross
D:4:      cheibrodos_quashed, layout_loops_corners,
          lemuel_mausoleum_altar_yredelemnul, pdpol_wu_jian_five_deadly_venoms

Skill      XL: |  1  2  3  4  5 |
---------------+----------------+-----
Fighting       | 4 5 |  5.4
Maces & Flails | 4 5 |  5.0
Armour         | 3 4 |  4.1
Shields        | 1 |  1.8
Dodging        | 2 |  2.8
Stealth        | |  0.2

Action                   |  1- 3 |  4- 6 || total
-------------------------+-------+-------++-------
Melee: Mace              |    62 |   107 ||   169
       Headbutt          |     6 |    10 ||    16
       Punch             |     1 |       ||     1
  Use: Scroll            |     2 |     7 ||     9
       Potion            |       |     5 ||     5
Armor: Leather armour    |    33 |       ||    33
       Chain mail        |       |    80 ||    80
Dodge: Dodged            |    54 |    25 ||    79
Block: Kite shield       |       |    36 ||    36
